 Dungeon Crawl Stone Soup version 0.13-a0-2537-g1f6edf4 (webtiles) character file.

6278 Kae the Grappler (level 10, -2/89 HPs)
             Began as a Troll Chaos Knight on July 27, 2013.
             Was a Plaything of Xom.
             Slain by an unseen horror (5 damage)
             ... on Level 10 of the Dungeon.
             The game lasted 00:16:28 (8149 turns).

Kae the Grappler (Troll Chaos Knight)               Turns: 8149, Time: 00:16:28

HP  -2/89        AC 10     Str 22      XL: 10   Next: 49%
MP  10/10        EV 11     Int  8      God: Xom
Gold 513         SH  0     Dex 12      Spells:  0 memorised,  9 levels left

Res.Fire  : x . .   See Invis. : .     - Unarmed
Res.Cold  : + . .   Warding    : .   b - +2 robe (curse)
Life Prot.: + . .   Conserve   : .   (shield restricted)
Res.Poison: .       Res.Corr.  : .   (helmet restricted)
Res.Elec. : .       Clarity    : .   N - +0 cloak
Sust.Abil.: . .     Spirit.Shd : .   (gloves unavailable)
Res.Mut.  : .       Stasis     : .   (boots unavailable)
Res.Rott. : .       Flight     : .   (no amulet)
Gourmand  : +                        A - ring of positive energy
                                     n - ring of ice

@: somewhat resistant to hostile enchantments, unstealthy
A: unfitting armour, claws 3, talons 1, carnivore 1, fast metabolism 3,
gourmand, regeneration 2, saprovore 2, tough skin 2, AC +3
a: Renounce Religion


You were on level 10 of the Dungeon.
You worshipped Xom.
You were a beloved toy of Xom.
You were not hungry.

You visited 1 branch of the dungeon, and saw 10 of its levels.

You collected 493 gold pieces.

Inventory:

Armour
 b - a cursed +2 robe (worn)
 B - the -2 shield "Ofika" {Int-4 Dam+3}
   (You found it on level 4 of the Dungeon)

   It affects your intelligence (-4).
   It affects your damage-dealing abilities (+3).
 N - a +0 cloak (worn)
Magical devices
 p - a wand of slowing (21)
 y - a wand of magic darts (5)
 E - a wand of disintegration (12)
 H - a wand of enslavement (9)
Comestibles
 a - 6 meat rations
 d - 4 bread rations
 g - 3 chokos
 q - 2 apricots
 w - an apple
 D - 2 pears
Scrolls
 e - 4 scrolls of blinking {unknown}
 f - 5 scrolls of remove curse
 i - a scroll of amnesia {unknown}
 k - a scroll of curse jewellery {unknown}
 l - a scroll of curse armour
 s - 2 scrolls of enchant weapon II
 u - a scroll of teleportation
 v - a scroll of noise
 J - 2 scrolls of identify
 K - 2 scrolls of fear {unknown}
 O - a scroll of enchant armour {unknown}
 P - a scroll of magic mapping {unknown}
Jewellery
 n - a ring of ice (left claw)
 r - an uncursed amulet of the gourmand {unknown}
 A - a ring of positive energy (right claw)
Potions
 c - 2 potions of curing
 h - a potion of heal wounds {unknown}
 j - 2 potions of brilliance {unknown}
 m - 2 potions of might {unknown}
 t - 2 potions of poison {unknown}
 x - a potion of agility
 z - 2 potions of resistance {unknown}
 C - a potion of restore abilities {unknown}
 L - a potion of confusion {unknown}
 M - a potion of flight {unknown}
 Q - a potion of invisibility {unknown}
Books
 F - a book of Air

   Spells                             Type                      Level
   Shock                              Conjuration/Air              1
   Swiftness                          Charms/Air                   2
   Repel Missiles                     Charms/Air                   2
   Flight                             Charms/Air                   3
   Static Discharge                   Conjuration/Air              3
   Lightning Bolt                     Conjuration/Air              5
 G - a book of Minor Magic

   Spells                             Type                      Level
   Magic Dart                         Conjuration                  1
   Blink                              Translocation                2
   Call Imp                           Summoning                    2
   Repel Missiles                     Charms/Air                   2
   Slow                               Hexes                        2
   Conjure Flame                      Conjuration/Fire             3
   Mephitic Cloud                     Conjuration/Poison/Air       3
 I - a book of Party Tricks

   Spells                             Type                      Level
   Summon Butterflies                 Summoning                    1
   Apportation                        Translocation                1
   Blink                              Translocation                2
   Alistair's Intoxication            Transmutation/Poison         4
   Tukima's Dance                     Hexes                        5
Rods
 o - a +4 rod of destruction (14/14)
   (Xom gifted it to you on level 3 of the Dungeon)


   Skills:
 - Level 2.4 Fighting
 + Level 4.5 Dodging
 * Level 13.8 Unarmed Combat
 + Level 4.0 Evocations


You had 9 spell levels left.
You didn't know any spells.

Dungeon Overview and Level Annotations

Branches:
Dungeon (10/27)            Temple (0/1) D:6             Orc (0/4) D:8
   Lair: D:8-13

Altars:
Ashenzari
Elyvilon
Fedhas
Kikubaaqudgha
Makhleb
Okawaru
Xom
Zin
the Shining One
Beogh

Shops:
D:7: /


Innate Abilities, Weirdness & Mutations

You are too large for most types of armour.
You have claws for hands.
Your metabolism is lightning-fast.
You like to eat raw meat.
You heal very quickly.
You can eat rotten meat.
You are covered in fur (AC +1).
You have very tough skin (AC +2).
You have sharp toenails.
You are partially covered in yellow scales (AC +2).
Your digestive system is specialised to digest meat.
You are clumsy (Dex -1).
Your muscles are flexible, but weak (Str -1, Dex +1).
Your muscles are strong (Str +1).


Message History

* * * LOW HITPOINT WARNING * * *
Found a dagger.
You claw it! It hits you.
* * * LOW HITPOINT WARNING * * *
It hits you.
* * * LOW HITPOINT WARNING * * *
It hits you.
* * * LOW HITPOINT WARNING * * *
It hits you.
* * * LOW HITPOINT WARNING * * *
It hits you but does no damage.
Drink which item? (? for menu, Esc to quit)
You feel better. It hits you.
* * * LOW HITPOINT WARNING * * *
It hits you but does no damage.
Drink which item? (? for menu, Esc to quit)
You feel better. It hits you!
* * * LOW HITPOINT WARNING * * *
It hits you.
You die...

#### . .... ..#
#..# ..# #..# ).#
#>.# ..# #..# ..
#####..# .#
#...%%.#####.#
#..<.....@...#
####..######..#
#..# ..# #..# ..#
########''### ..#
#...........# ..#
#...........####++#
#.................
#.................


There were no monsters in sight!

Vanquished Creatures
  Joseph (D:10)
  The ghost of glosham the Covert, an experienced OpAs of Trog (D:5)
  Maurice (D:9)
  A troll (D:10)
  A two-headed ogre (D:9)
  A trapdoor spider (D:9)
  A wraith (D:10)
  2 hippogriffs
  A manticore (D:10)
  A necrophage (D:7)
  3 ogres
  3 ice beasts
  A sky beast (D:5)
  A crocodile (D:3)
  4 orc warriors
  A phantom (D:8)
  Duvessa (D:4)
  2 centaurs
  A gnoll sergeant (D:7)
  9 killer bees
  Dowan (D:4)
  4 crimson imps
  2 goliath beetles
  2 hounds
  5 orc priests
  A centaur skeleton (D:7)
  An iguana (D:8)
  9 orc wizards
  2 scorpions
  7 worker ants
  A killer bee zombie (D:5)
  A sky beast zombie (D:8)
  A big kobold skeleton (D:9)
  A hound skeleton (D:7)
  Terence (D:2)
  10 gnolls (D:7)
  10 adders
  An inept feature mimic (D:7)
  2 giant mites
  A worm (D:4)
  A goliath beetle zombie (D:10)
  An adder skeleton (D:6)
  4 giant eyeballs
  A grey rat (D:1)
  6 giant geckos
  An ooze (D:3)
  26 orcs
  5 ball pythons
  16 bats
  11 giant cockroaches
  14 goblins
  20 hobgoblins
  12 jackals
  3 quokkas
  8 giant newts
  20 kobolds
  A kobold skeleton (D:7)
  A kobold zombie (D:5)
  An orc skeleton (D:9)
  An orc zombie (D:6)
  18 rats
  A ballistomycete (D:9)
272 creatures vanquished.

Vanquished Creatures (collateral kills)
  A bat (D:1)
  A goblin (D:1)
  A hobgoblin (D:1)
  A kobold (D:1)
4 creatures vanquished.

Vanquished Creatures (others)
  A giant spore (D:9)
1 creature vanquished.

Grand Total: 277 creatures vanquished

Notes
Turn   | Place    | Note
--------------------------------------------------------------
     0 | D:1      | Kae, the Troll Chaos Knight, began the quest for the Orb.
     0 | D:1      | Reached XP level 1. HP: 20/20 MP: 1/1
    52 | D:1      | XOM: divination: magic mapping
    81 | D:1      | Reached XP level 2. HP: 22/28 MP: 1/1
   415 | D:1      | Reached skill level 4 in Unarmed Combat
   468 | D:1      | XOM: mild Tloc miscast
   530 | D:1      | XOM: polymorph rat -> grey rat
   542 | D:1      | Reached XP level 3. HP: 35/35 MP: 2/2
   621 | D:1      | XOM: give mutations
   621 | D:1      | Gained mutation: Your muscles are flexible, but weak (Str -1, Dex +1). [Xom's grace]
   621 | D:1      | Gained mutation: Your muscles are strong (Str +1). [Xom's grace]
  1008 | D:1      | XOM: colour smoke trail
  1160 | D:2      | XOM: divination: detect items
  1173 | D:2      | Noticed Terence
  1187 | D:2      | Killed Terence
  1187 | D:2      | Reached skill level 5 in Unarmed Combat
  1187 | D:2      | Reached XP level 4. HP: 44/44 MP: 2/2
  1412 | D:2      | XOM: vitrification
  1634 | D:2      | XOM is BORED!
  1634 | D:2      | XOM: noise
  1742 | D:3      | XOM: confusion
  1914 | D:3      | Noticed an ogre
  1915 | D:3      | Noticed a crocodile
  1915 | D:3      | an ogre changed into a crocodile
  1915 | D:3      | XOM: polymorph ogre -> crocodile
  1923 | D:3      | Killed a crocodile
  1923 | D:3      | Reached skill level 6 in Unarmed Combat
  1923 | D:3      | Reached XP level 5. HP: 18/50 MP: 2/2
  2070 | D:3      | XOM: god gift: weird smoking rod {god gift}
  2093 | D:3      | Identified a +4 rod of destruction (14/14) (Xom gifted it to you on level 3 of the Dungeon)
  2183 | D:3      | XOM: 3-stop teleportation journey
  2190 | D:3      | XOM: summons 2 hostile shadow creatures
  2394 | D:3      | XOM: harmless Tloc miscast
  2587 | D:4      | Paralysed by a giant eyeball for 2 turns
  2660 | D:4      | XOM: medium Chrm miscast
  2751 | D:4      | Reached XP level 6. HP: 58/58 MP: 3/3
  2775 | D:4      | Noticed Duvessa
  2778 | D:4      | Noticed Dowan
  2788 | D:4      | Killed Duvessa
  2788 | D:4      | Reached skill level 7 in Unarmed Combat
  2793 | D:4      | Killed Dowan
  2814 | D:4      | XOM: 2-stop teleportation journey
  2816 | D:4      | Paralysed by a giant eyeball for 4 turns
  2824 | D:4      | Paralysed by a giant eyeball for 4 turns
  2956 | D:4      | XOM: god gift: 18 stones
  3043 | D:4      | XOM: cast spell 'Ice Form'
  3095 | D:4      | Got a brightly glowing shield
  3102 | D:4      | Identified the cursed -2 shield "Ofika" {Int-4 Dam+3} (You found it on level 4 of the Dungeon)
  3122 | D:5      | Entered Level 5 of the Dungeon
  3148 | D:5      | Found a glowing golden altar of the Shining One.
  3148 | D:5      | Noticed an angel
  3208 | D:5      | XOM: noise
  3324 | D:5      | Noticed glosham's ghost (experienced OpAs)
  3332 | D:5      | Killed glosham's ghost
  3332 | D:5      | Reached skill level 9 in Unarmed Combat
  3332 | D:5      | Reached XP level 7. HP: 66/66 MP: 3/3
  3358 | D:5      | Gained mutation: You are partially covered in yellow scales (AC +2). [mutagenic meat]
  3358 | D:5      | XOM: 1-stop teleportation journey
  3359 | D:5      | Gained mutation: Your muscles are strong (Str +2). [mutagenic meat]
  3430 | D:5      | XOM: medium Trmt miscast
  3433 | D:5      | Found a burning altar of Makhleb.
  3434 | D:5      | Found a shimmering altar of Xom.
  3522 | D:5      | Reached XP level 8. HP: 33/74 MP: 3/3
  3587 | D:5      | Reached skill level 10 in Unarmed Combat
  3728 | D:5      | XOM: mild Trmt miscast
  3804 | D:6      | Found a staircase to the Ecumenical Temple.
  3806 | D:6      | XOM: noise
  3824 | D:6      | XOM: give mutations
  3824 | D:6      | Lost mutation: Your muscles are strong (Str +2). [Xom's mischief]
  3824 | D:6      | Gained mutation: You have sharp toenails. [Xom's mischief]
  3824 | D:6      | Gained mutation: You are clumsy (Dex -1). [Xom's mischief]
  4282 | D:6      | Reached skill level 11 in Unarmed Combat
  4431 | D:6      | XOM: confusion
  4452 | D:6      | XOM: summons friendly lemure
  4663 | D:7      | XOM: colour smoke trail
  4706 | D:7      | Found a staircase to the Ecumenical Temple.
  4796 | D:7      | Found Aqotusti's Magical Wand Emporium.
  4816 | D:7      | XOM: mild Erth miscast
  4817 | D:7      | Reached XP level 9. HP: 77/80 MP: 4/4
  4828 | D:7      | Reached skill level 12 in Unarmed Combat
  4847 | D:7      | XOM: blink monster(s)
  5140 | D:7      | XOM: 1-stop teleportation journey
  5267 | D:7      | the staircase to the Ecumenical Temple was a mimic.
  5364 | D:7      | XOM: mild Erth miscast
  5731 | D:8      | Found a blossoming altar of Fedhas.
  5887 | D:8      | Reached skill level 1 in Evocations
  5925 | D:8      | Found a staircase to the Orcish Mines.
  5970 | D:8      | XOM: colour smoke trail
  6007 | D:8      | XOM: confuse monster(s)
  6039 | D:8      | Gained mutation: Your digestive system is specialised to digest meat. [potion of beneficial mutation]
  6234 | D:8      | Found a roughly hewn altar of Beogh.
  6305 | D:9      | XOM: mild Ice miscast
  6306 | D:9      | XOM: divination: detect items
  6336 | D:9      | XOM: medium Erth miscast
  6534 | D:9      | Reached skill level 13 in Unarmed Combat
  6590 | D:9      | XOM: cast spell 'Beastly Appendage'
  6805 | D:9      | Found a shattered altar of Ashenzari.
  6808 | D:9      | Found an ancient bone altar of Kikubaaqudgha.
  6822 | D:9      | Found an iron altar of Okawaru.
  6929 | D:9      | Found a glowing silver altar of Zin.
  6929 | D:9      | Found a glowing golden altar of the Shining One.
  6929 | D:9      | Found a white marble altar of Elyvilon.
  6951 | D:9      | Noticed Maurice
  6965 | D:9      | Killed Maurice
  6965 | D:9      | Reached XP level 10. HP: 85/89 MP: 9/9
  7160 | D:9      | XOM: colour smoke trail
  7355 | D:10     | Entered Level 10 of the Dungeon
  7532 | D:10     | XOM: scenery: 2 doors close
  7701 | D:10     | Noticed Joseph
  7809 | D:10     | Killed Joseph
  8011 | D:9      | XOM: mild Trmt miscast
  8147 | D:10     | HP: 1/89 [something (5)]
  8149 | D:10     | Slain by an unseen horror

Action                   |  1- 3 |  4- 6 |  7- 9 | 10-12 || total
-------------------------+-------+-------+-------+-------++-------
Melee: Unarmed           |   155 |   200 |   292 |    95 ||   742
Evoke: Rod               |       |     3 |       |       ||     3
       Wand              |       |       |     4 |       ||     4
  Use: Scroll            |       |       |    13 |     1 ||    14
       Potion            |       |       |     4 |     5 ||     9
 Stab: Sleeping          |       |     1 |     2 |       ||     3
